 Dungeon Crawl Stone Soup version 0.24-a0-365-ga4d96b6e6e (webtiles) character file.

Game seed: 6946223851504228759

177 MachJacob the Skirmisher (level 5, -3/54 HPs)
             Began as an Ogre Arcane Marksman on May 27, 2019.
             Slain by an orc priest
             ... wielding a +0 mace
              (11 damage)
             ... on level 4 of the Dungeon.
             The game lasted 00:16:42 (5545 turns).

MachJacob the Skirmisher (Ogre Arcane Marksman)     Turns: 5545, Time: 00:16:42

Health: -3/54      AC:  4    Str: 14    XL:     5   Next: 57%
Magic:  8/8        EV:  9    Int: 14    God:
Gold:   173        SH:  0    Dex: 10    Spells: 8/9 levels left

rFire    . . .     SeeInvis .   q - +0 dagger
rCold    + . .     Gourm    .   (no shield)
rNeg     + . .     Faith    .   a - +1 robe
rPois    .         Spirit   .   (helmet restricted)
rElec    .         Reflect  .   (no cloak)
rCorr    .         Harm     .   (gloves unavailable)
MR       .....                  (boots unavailable)
Stlth    +.........             (no amulet)
HPRegen  0.18/turn              t - ring of protection from cold
MPRegen  0.11/turn              u - ring of positive energy

@: heavily drained
A: large, unfitting armour, tough skin 1
a: no special abilities


You were on level 4 of the Dungeon.
You were not hungry.

You visited 1 branch of the dungeon, and saw 4 of its levels.

You collected 173 gold pieces.

Inventory:

Hand Weapons
 q - a +0 dagger (weapon)
Missiles
 b - 100 stones
 c - 4 large rocks
 d - 2 throwing nets {!f}
 p - 7 datura-tipped darts
 x - 3 poisoned darts (quivered)
Armour
 a - a +1 robe (worn)
Jewellery
 t - a ring of protection from cold (left hand)
 u - a ring of positive energy (right hand)
Scrolls
 e - 2 scrolls of teleportation
 m - a scroll of fog
 n - 2 scrolls of enchant armour
 s - 5 scrolls of remove curse
Potions
 g - 3 potions of agility
 h - a potion of berserk rage
 j - a potion of mutation {unknown}
 k - a potion of might {unknown}
 l - 2 potions of curing {unknown}
 r - a potion of flight {unknown}
 w - a potion of resistance {unknown}
Comestibles
 f - 4 rations
 i - a chunk of flesh


   Skills:
 * Level 4.2(2.9) Fighting
 * Level 3.1(1.9) Throwing
 + Level 2.5(1.3) Dodging
 + Level 2.6(1.4) Spellcasting
 - Level 3.0(1.7) Hexes


You had 8 spell levels left.
You knew the following spells:

 Your Spells              Type           Power        Failure   Level  Hunger
a - Corona                Hex            #......      12%         1    ##.....

Your spell library contained the following spells:

 Spells                   Type           Power        Failure   Level  Hunger
 Slow                     Hex            #.......     19%         2    ###....
 Inner Flame              Hex/Fire       #.......     47%         3    ####...
 Portal Projectile        Hex/Tloc       #.....       47%         3    ####...
 Cause Fear               Hex            #.........   77%         4    #####..
 Leda's Liquefaction      Hex/Erth       #.........   87%         4    #####..


Dungeon Overview and Level Annotations

Branches:
Dungeon (4/15)
 Temple: D:4-7

Altars:
Qazlal


Innate Abilities, Weirdness & Mutations

You are too large for most types of armour.
You have tough skin. (AC +1)


Message History

The orc priest hits you with a +0 mace.
* * * LOW HITPOINT WARNING * * *
You hit the orc priest but do no damage.
The orc priest is lightly wounded.
The orc hits you from afar with a +0 trident.
* * * LOW HITPOINT WARNING * * *
The orc priest calls upon Beogh to heal the orc.
The orc's wounds heal themselves!
You hit the orc priest.
The orc priest is lightly wounded.
The orc hits you but does no damage.
The orc priest looks encouraged for a moment.
Throwing (i - inventory. (/) - cycle)
x - 4 poisoned darts (quivered)
Press: ? - help, Shift-Dir - straight line, f/p - orc
Aim: an orc, wielding a +0 trident and wearing a +0 leather armour You throw a poisoned dart.
The poisoned dart barely misses the orc priest.
The poisoned dart hits the orc.
The orc is poisoned.
The orc barely misses you. The orc priest hits you with a +0 mace!
You die...

##....# ##...........#
# #.....#
##............# #
#.....###.............#
#
#....#.##.............#
#
##...#.##.............#
#
##.##.##.............#
## ##
##.##......<"...#####.
#.###................
#(oo@..........######
#(#####.......## ##.#
##......# ##.##
##....## ##..### ##..##
##.....### ####
#..o.....## #.o.......#
#...........#


You could see an orc priest and an orc.

Vanquished Creatures
  A hound (D:4)
  A worker ant (D:4)
  4 adders (D:2 D:3)
  An ooze (D:2)
  3 worms (D:2 D:3)
  3 dart slugs (D:1 D:2 D:3)
  2 giant cockroaches (D:3)
  6 hobgoblins (D:1 D:2 D:3)
  12 jackals (D:1 D:2)
  4 quokkas (D:1 D:2 D:3)
  A ball python (D:3)
  6 bats (D:1 D:2 D:3)
  8 frilled lizards (D:1 D:2 D:3)
  5 goblins (D:1 D:2 D:3)
  10 kobolds (D:1 D:2 D:3)
  5 rats (D:1 D:2)
72 creatures vanquished.

Notes
Turn   | Place    | Note
-------+----------+-------------------------------------------
     0 | D:1      | MachJacob the Ogre Arcane Marksman began the quest for the
                  | Orb.
     0 | D:1      | Reached XP level 1. HP: 19/19 MP: 2/2
   449 | D:1      | Reached XP level 2. HP: 12/28 MP: 4/4
   454 | D:1      | Reached skill level 2 in Fighting
  1145 | D:1      | Reached XP level 3. HP: 32/36 MP: 5/5
  2464 | D:2      | Reached skill level 3 in Fighting
  2722 | D:2      | Reached XP level 4. HP: 35/45 MP: 7/7
  4528 | D:3      | Found a stormy altar of Qazlal.
  4621 | D:3      | Reached XP level 5. HP: 31/54 MP: 8/8
  5340 | D:4      | Reached skill level 4 in Fighting
  5545 | D:4      | Slain by an orc priest

Levels and vault maps discovered:
D:1:      dpeg_arrival_snail, layout_basic, dk_noncrumbling_4, minmay_distorted
D:2:      layout_loops_cross, serial_forest, infiniplex_forest_straight_4,
          infiniplex_forest_clump_small, infiniplex_forest_diagonal,
          infiniplex_forest_clump_medium, infiniplex_forest_lined_room_3
D:3:      layout_basic, nicolae_qazlal_general_emergency
D:4:      layout_cave_pods, first_ration

Skill      XL: |  1  2  3  4  5 |
---------------+----------------+-----
Fighting       | 2 3 4 |  4.2
Dodging        | 2 |  2.5
Spellcasting   | 2 |  2.6
Hexes          | 3 |  3.0
Throwing       | 3 |  3.1

Action                   |  1- 3 |  4- 6 || total
-------------------------+-------+-------++-------
Melee: Unarmed           |    35 |       ||    35
       Dagger            |    58 |   127 ||   185
Throw: Stone             |   220 |   151 ||   371
       Large rock        |     1 |     1 ||     2
       Dart              |       |    14 ||    14
 Cast: Corona            |       |     3 ||     3
  Use: Scroll            |     3 |     5 ||     8
  Eat: Chunk             |     1 |    10 ||    11
       Ration            |     1 |       ||     1
Armor: Robe              |    60 |    24 ||    84
Dodge: Dodged            |   143 |    95 ||   238

Table legend:
 A = Non-vault XP
 B = Vault XP
 C = Vault XP percentage of total XP
 D = Non-vault monster count
 E = Vault monster count
 F = Vault count percentage of total count
                 A         B        C        D         E       F
            +---------+---------+-------+---------+---------+-------
      Total |     251 |       3 |   1.2 |      70 |       2 |   2.8
            +---------+---------+-------+---------+---------+-------
        D:1 |      46 |       3 |   6.1 |      27 |       2 |   6.9
        D:2 |      81 |       0 |   0.0 |      20 |       0 |   0.0
        D:3 |      50 |       0 |   0.0 |      21 |       0 |   0.0
        D:4 |      74 |       0 |   0.0 |       2 |       0 |   0.0
            +---------+---------+-------+---------+---------+-------
